Womik, chaotic male elven Ranger ---------------- ----- |..............| |...| |..............| ##....| |..............| # |...| |..............| ### ----- --.-----.------- # ############# ### ------ # # # |..(.| ### ### ### -....| # # # |....|##### #### ## ### |....-####----+--.-- ----|- # |>...| #.........| |....| ### ---+-- |......<.| |...{| # |........| |.....## ---------- ------ Womik the Tenderfoot Experience level: 1 Strength: 15 Dexterity: 11 Constitution: 13 Intelligence: 14 Wisdom: 14 Charisma: 8 Health: 0(13) Energy: 4(4) Def: 10 Gold: 383 Moves: 1245 Dungeon seed: xWF7d0Rw7GIAy6L6 Game ID: Womik_1632413805 Your Inventory: Weapons d - an uncursed +0 spear (alternate weapon; not wielded) e - an uncursed +1 elven bow (weapon in hand) g - an uncursed +0 orcish dagger j - 7 uncursed +0 darts k - an uncursed +1 elven dagger p - a cursed +0 orcish dagger s - a cursed -1 war hammer M - 54 blessed +2 elven arrows Q - 30 uncursed +0 elven arrows (in quiver) Armor b - an uncursed +2 elven cloak (being worn) r - an uncursed +0 orcish helm (being worn) y - an uncursed +0 banded mail (being worn) Comestibles f - 4 uncursed lembas wafers i - 4 uncursed lichen corpses t - an uncursed tripe ration Scrolls q - an uncursed scroll of teleportation Spellbooks l - an uncursed spellbook of cure blindness Potions h - a cursed potion of speed o - an uncursed potion of extra healing Gems n - an uncursed worthless piece of blue glass Coins $ - 383 gold pieces Spells and supernatural/magical abilities: Name Level Category Cost Memory W - pray for help -- divine ? -- Your skills at the end: Fighting Skills wands [Basic] Weapon Skills dagger [Basic] bow [Basic] Spellcasting Skills Final Attributes: You were fervently aligned. You were immune to sleep. You were blinded. You saw invisible. You had automatic searching. You had infravision. You were stealthy. You were lucky. Mars was noncommittal. You are dead. Vanquished creatures: a jackal a fox a kobold 2 goblins a sewer rat 2 grid bugs 5 lichens 5 newts 18 creatures vanquished. Voluntary challenges: You followed a strict vegan diet. You were an atheist. You never hit with a wielded weapon. You were a pacifist. You were illiterate. You never genocided any monsters. You never polymorphed an object. You never changed form. You used no wishes. You never split a pudding. You never wrote Elbereth's name. You never violated your personal moral code. Dungeon overview: The Dungeons of Doom: levels 1 to 3 Level 1 a fountain a long staircase Level 2 a general store, a vault Level 3 <- You were here a fountain History has recorded: On T:1 you entered the Dungeons of Doom to retrieve the Amulet of Yendor! On T:153 you reached level 2 of The Dungeons of Doom. On T:663 you reached level 3 of The Dungeons of Doom. Score breakdown: Gold: 383 ( 8791 points) Experience: 1 level ( 0 points) Exploration: 3 levels ( 6.67%) ( 6396 points) Discoveries: 3 items ( 1.02%) ( 3025 points) Valuables value: (no points given unless you survive) Artifact value: 0 ( 0 points) Variety of kills: 8 monsters ( 2.11%) ( 4352 points) Turncount: 1245 turns ( 0 points) Survival: died (score multiplied by 80%) Total score: 18051 Latest messages: WHAMMM!!! As you kick the door, it crashes open! You displace Sirius. You hear the chime of a cash register. This level must be housing a shop. You stop exploring. You see here a war hammer. s - a war hammer. You see here a tripe ration. The goblin picks up a scroll from the floor. t - a tripe ration. $ - 29 gold pieces. The goblin reads a scroll labeled VE FORBRYDERNE! The goblin has found a scroll of stinking cloud! It must be a scroll of stinking cloud. Something is burning your lungs! You cough and spit blood! Something is burning your lungs! You cough and spit blood! You die... Final status: Goodbye Womik the Ranger, killed by a gas cloud... You died in The Dungeons of Doom on dungeon level 3 with 18051 points, and 383 pieces of gold, after 1245 moves. You were level 1 with a maximum of 13 hit points when you died.